 Dungeon Crawl Stone Soup version 0.21.0-3-g78d12a8 (webtiles) character file.

707 CanOfBees the Digger (level 7, -6/36 HPs)
             Began as a Gargoyle Earth Elementalist on Jan 11, 2018.
             Killed by divine providence
             ... invoked by an orc priest
              (11 damage)
             ... on level 4 of the Dungeon.
             The game lasted 00:08:42 (4811 turns).

CanOfBees the Digger (Gargoyle Earth Elementalist)  Turns: 4811, Time: 00:08:42

Health: -6/36      AC:  7    Str: 13    XL:     7   Next: 67%
Magic:  16/16      EV: 12    Int: 18    God:
Gold:   149        SH:  0    Dex: 10    Spells: 5/16 levels left

rFire    . . .     SeeInvis .   r - +1 dagger (venom)
rCold    . . .     Gourm    .   (no shield)
rNeg     + . .     Faith    .   c - +0 robe
rPois    ∞         Spirit   .   (helmet restricted)
rElec    +         Reflect  .   (no cloak)
rCorr    .         Harm     .   (no gloves)
MR       +....                  n - +0 pair of boots
Stlth    +++.......             (no amulet)
HPRegen  0.12/turn              h - ring of stealth
MPRegen  0.15/turn              (no ring)

@: no status effects
A: antennae 1, high mp 1, magic resistance 1, negative energy resistance 1,
electricity resistance, strong 1, unbreathing, petrification resistance, rot
immunity, AC +4
a: no special abilities


You were on level 4 of the Dungeon.
You were not hungry.

You visited 1 branch of the dungeon, and saw 4 of its levels.

You collected 149 gold pieces.

Inventory:

Hand Weapons
 g - a +0 short sword
 r - a +1 dagger of venom (weapon)
Missiles
 b - 155 stones (quivered)
 p - 106 sling bullets
Armour
 c - a +0 robe (worn)
 n - a +0 pair of boots (worn)
Jewellery
 h - a ring of stealth (left hand)
Wands
 k - a wand of disintegration (5)
Scrolls
 a - 2 scrolls of fear
 f - a scroll of remove curse {unknown}
 j - 2 scrolls of enchant weapon {unknown}
 l - 2 scrolls of immolation
 o - 2 scrolls of identify
 q - a scroll of amnesia {unknown}
Potions
 i - a potion of flight {unknown}
 m - a potion of berserk rage {unknown}
 t - a potion of curing {unknown}
 u - a potion of ambrosia {unknown}
Books
 e - a book of Geomancy

   Spells                             Type                      Level
   a - Sandblast                      Earth                        1
   b - Passwall                       Transmutation/Earth          2
   c - Stone Arrow                    Conjuration/Earth            3
   d - Petrify                        Transmutation/Earth          4
   e - Lee's Rapid Deconstruction     Earth                        5
Comestibles
 d - 6 rations
 s - 8 chunks of flesh


   Skills:
 - Level 1.5 Dodging
 - Level 2.1 Stealth
 * Level 5.3 Spellcasting
 + Level 4.5 Conjurations
 - Level 0.7 Transmutations
 + Level 6.1 Earth Magic


You had 5 spell levels left.
You knew the following spells:

 Your Spells              Type           Power        Failure   Level  Hunger
a - Sandblast             Erth           ####..       1%          1    None
b - Stone Arrow           Conj/Erth      ###...       4%          3    ##.....
c - Lee's Rapid Deconstr  Erth           ####......   28%         5    ######.
d - Passwall              Tmut/Erth      ###.......   4%          2    #......


Dungeon Overview and Level Annotations

Branches:
Dungeon (4/15)
 Temple: D:4-7

Altars:
Makhleb
Wu Jian

Annotations:
D:3 ringo67's ghost, amateur HOFi


Innate Abilities, Weirdness & Mutations

You are resistant to torment.
Your stone body is resilient. (AC +4)
You are immune to poison.
You resist negative energy. (rN+)
You are resistant to electric shocks. (rElec)
You can survive without breathing.
You are immune to petrification.
You are immune to rotting.
You have a pair of small antennae on your head.
You have an increased reservoir of magic. (+10% MP)
You are resistant to hostile enchantments. (MR+)
Your muscles are strong. (Str +2)


Message History

You hit the orc.
You kill the orc!
Items here: )) †† a mace; a flail; an orc corpse x2
Butcher an orc corpse? [(y)es/(c)hoosy/(n)o/(a)ll/(e)dible/(q)uit/?]
You butcher the orc corpse. x2
s - 6 chunks of flesh (gained 3);
s - 8 chunks of flesh (gained 2)
Things that are here:
a mace; a flail; an orc skeleton Unknown command.
You start resting.
An orc priest is nearby!
The orc priest invokes the aid of Beogh against you.
Beogh smites you!
The orc priest mumbles some strange prayers to Beogh against you.
Beogh smites you!
* * * LOW HITPOINT WARNING * * *
The orc priest calls down the wrath of Beogh upon you.
Beogh smites you!
You die...

...........#
#..........##
#......)....#
#...........#
####....###.######
#.##.#.....)..# #.
#......###.# #.
######.# #.# #.
#.# #@# #. #.#
#.o...# #.#
####### #.# ..#


You could see an orc priest.

Vanquished Creatures
  Grinder (D:4)
  A phantom (D:3)
  A centaur (D:4)
  A scorpion (D:4)
  A hound (D:2)
  3 worker ants (D:4)
  An orc wizard (D:4)
  8 adders
  2 worms (D:3)
  2 dart slugs (D:1)
  4 leopard geckos
  8 orcs (D:4)
  4 giant cockroaches
  6 goblins
  7 hobgoblins
  5 jackals
  6 kobolds
  A quokka (D:4)
  2 ball pythons
  8 bats
  5 frilled lizards
  A quokka skeleton (D:4)
  7 rats
85 creatures vanquished.

Notes
Turn   | Place    | Note
-------+----------+-------------------------------------------
     0 | D:1      | CanOfBees the Gargoyle Earth Elementalist began the quest for the Orb.
     0 | D:1      | Reached XP level 1. HP: 10/10 MP: 3/3
   341 | D:1      | Reached XP level 2. HP: 15/15 MP: 5/5
   703 | D:1      | Reached skill level 4 in Earth Magic
  1072 | D:1      | Reached XP level 3. HP: 12/19 MP: 7/7
  1084 | D:1      | Learned a level 3 spell: Stone Arrow
  1824 | D:2      | Reached skill level 1 in Conjurations
  1850 | D:2      | Found an ornate altar of the Wu Jian Council.
  2009 | D:2      | Found a burning altar of Makhleb.
  2040 | D:2      | Reached XP level 4. HP: 15/24 MP: 8/8
  2478 | D:2      | Reached XP level 5. HP: 20/28 MP: 9/9
  3246 | D:3      | Learned a level 5 spell: Lee's Rapid Deconstruction
  3450 | D:3      | Noticed a phantom
  3463 | D:3      | Killed a phantom
  3463 | D:3      | Reached skill level 5 in Earth Magic
  3463 | D:3      | Reached XP level 6. HP: 28/32 MP: 4/11
  3638 | D:3      | Noticed ringo67's ghost (amateur HOFi)
  3691 | D:3      | Learned a level 2 spell: Passwall
  3862 | D:3      | Gained mutation: You are weak. (Str -2) [potion of mutation]
  3862 | D:3      | Gained mutation: You have a pair of small antennae on your head. [potion of mutation]
  3862 | D:3      | Gained mutation: You are clumsy. (Dex -2) [potion of mutation]
  3862 | D:3      | Gained mutation: You have an increased reservoir of magic. (+10% MP) [potion of mutation]
  3938 | D:4      | Lost mutation: You are weak. (Str -2) [potion of mutation]
  3938 | D:4      | Lost mutation: You are clumsy. (Dex -2) [potion of mutation]
  3938 | D:4      | Gained mutation: Your muscles are strong. (Str +2) [potion of mutation]
  3938 | D:4      | Gained mutation: You are resistant to hostile enchantments. (MR+) [potion of mutation]
  4501 | D:4      | Reached XP level 7. HP: 32/36 MP: 7/15
  4514 | D:4      | Noticed Grinder
  4534 | D:4      | Paralysed by Grinder for 4 turns
  4539 | D:4      | Killed Grinder
  4539 | D:4      | Reached skill level 5 in Spellcasting
  4539 | D:4      | Reached skill level 6 in Earth Magic
  4811 | D:4      | Killed from afar by an orc priest

Skill      XL: |  1  2  3  4  5  6  7 |
---------------+----------------------+-----
Earth Magic    | 4 5 6 |  6.1
Spellcasting   | 3 4 5 |  5.3
Conjurations   | 2 3 4 |  4.5
Dodging        | |  1.5
Stealth        | |  2.1
Transmutations | |  0.7

Action                   |  1- 3 |  4- 6 |  7- 9 || total
-------------------------+-------+-------+-------++-------
Melee: Short sword       |   118 |    21 |       ||   139
       Unarmed           |    10 |       |       ||    10
       Dagger            |       |   118 |    22 ||   140
 Cast: Sandblast         |     4 |    17 |     2 ||    23
       Stone Arrow       |       |     2 |     1 ||     3
       Passwall          |       |     1 |       ||     1
Evoke: Wand              |       |     3 |     3 ||     6
  Use: Scroll            |       |     3 |       ||     3
       Potion            |       |     2 |       ||     2
 Stab: Sleeping          |    12 |     5 |     2 ||    19
  Eat: Chunk             |     4 |     8 |     1 ||    13
Armor: Robe              |    52 |    56 |     5 ||   113
Dodge: Dodged            |   102 |    85 |     9 ||   196
